 Dungeon Crawl Stone Soup version 0.27-a0-1525-g1038ab4fd7 (webtiles) character file.

Game seed: 16975572411534513217

6984 Spaninq the Grappler (level 10, -1/106 HPs)
             Began as a Troll Chaos Knight on July 10, 2021.
             Was a High Priest of Wu Jian.
             Slain by a large abomination (10 damage)
             ... on level 1 of the Abyss.
             The game lasted 00:29:57 (7526 turns).

Spaninq the Grappler (Troll Chaos Knight)           Turns: 7526, Time: 00:29:59

Health: -1/106     AC:  7    Str: 24    XL:     10   Next: 81%
Magic:  9/9        EV: 10    Int:  8    God:    Wu Jian [*****.]
Gold:   1167       SH:  0    Dex: 10    Spells: 9/9 levels left

rFire    . . .     SeeInvis .     - Unarmed
rCold    . . .     Faith    .   (no shield)
rNeg     . . .     Spirit   .   a - +2 robe
rPois    +         Reflect  .   (helmet restricted)
rElec    .         Harm     .   p - +0 cloak
rCorr    .         Rampage  .   (gloves unavailable)
Will     +....                  (boots unavailable)
Stlth    +.........             (no amulet)
HPRegen  1.27/turn              t - ring of willpower
MPRegen  0.11/turn              d - ring of poison resistance

@: no status effects
A: large, unfitting armour, claws 3, regeneration 1, shaggy fur 1, tough skin 1
a: Renounce Religion, Wall Jump, Serpent's Lash, Heavenly Storm


You were on level 1 of the Abyss.
You worshipped Wu Jian.
Wu Jian was extremely pleased with you.
You visited 1 branch of the dungeon, and saw 11 of its levels.
You visited the Abyss 1 time.

You collected 1733 gold pieces.
You spent 566 gold pieces at shops.

Inventory:

Hand Weapons
 b - the +4 morningstar of Butchery {speed, Stlth+}
   (You bought it in a shop on level 2 of the Dungeon)

   Attacks with this weapon are significantly faster.
   Stlth:     It makes you more stealthy.
Missiles
 o - 2 throwing nets (quivered)
Armour
 a - a +2 robe (worn)
 p - a +0 cloak (worn)
 x - the +0 robe "Lukhluyrph" {rPois Dex+3}
   (You found it on level 7 of the Dungeon)

   Dex:       It affects your dexterity (+3).
   rPois:     It protects you from poison.
Jewellery
 d - a ring of poison resistance (right claw)
 t - a ring of willpower (left claw)
 u - a ring of protection from cold
 y - a ring of protection from cold
 A - a ring of flight
 B - a +6 ring of dexterity
Wands
 m - a wand of flame (10)
 r - a wand of paralysis (5)
 s - a wand of polymorph (5)
Scrolls
 c - a scroll of magic mapping
 g - 6 scrolls of amnesia
 h - 3 scrolls of identify
 k - 2 scrolls of blinking
 n - a scroll of holy word {unknown}
 q - 5 scrolls of teleportation
 v - a scroll of vulnerability {unknown}
Potions
 e - a potion of resistance
 f - 8 potions of curing
 i - 4 potions of berserk rage
 j - a potion of lignification {unknown}
 l - a potion of heal wounds
 w - 2 potions of brilliance {unknown}
 z - a potion of magic {unknown}
 C - a potion of might {unknown}
 D - 2 potions of ambrosia {unknown}
 E - a potion of haste {unknown}
 F - a potion of cancellation {unknown}


   Skills:
 + Level 8.5 Fighting
 - Level 1.9 Dodging
 * Level 13.4 Unarmed Combat


You had 9 spell levels left.
You didn't know any spells.
Your spell library contained the following spells:

 Spells                   Type           Power      Damage    Failure   Level
 Corpse Rot               Necr/Air       N/A        N/A       54%         2
 Airstrike                Air            0%         N/A       99%         4
 Dispel Undead            Necr           0%         3d6       99%         4
 Summon Lightning Spire   Summ/Air       0%         N/A       99%         4
 Lightning Bolt           Conj/Air       0%         1d11      100%        5
 Death Channel            Necr           0%         N/A       100%        6


Dungeon Overview and Level Annotations

Branches:
Dungeon (11/15)            Temple (0/1) D:5
   Lair: D:8-11         Orc: D:9-12

Altars:
Elyvilon
Fedhas
Sif Muna
Trog
Uskayaw
Vehumet
Wu Jian
Xom
Yredelemnul

Shops:
D:2 (   D:7 ?!

Annotations:
D:3 2 transporters, Phlounder's ghost, amateur DjFE
D:9 Erolcha


Innate Abilities, Weirdness & Mutations

You are too large for most types of armour.
You have claws for hands.
Your natural rate of healing is unusually fast.
You are covered in fur. (AC +1)
You have tough skin. (AC +1)


Message History

The large abomination is moderately damaged.
The large abomination hits you!! The smoke demon gestures at you.
Something smites you!
A great orb of eyes comes into view.
The great orb of eyes turns its gaze towards you.
Found a long bronze wand.
The smoke demon gestures at you.
The ball of steam hits you but does no damage.
A large abomination comes into view.
You are engulfed in a cloud of scalding steam.
The great orb of eyes is engulfed in a cloud of scalding steam.
The large abomination is engulfed in a cloud of scalding steam.
The large abomination is engulfed in a cloud of scalding steam.
The large abomination hits you!
You spin and attack the large abomination.
You mangle the large abomination!!
The large abomination is heavily damaged.
A tentacled starspawn comes into view.
The great orb of eyes gazes at you.
You easily resist.
You see here a wand of iceblast (8).
You mangle the tentacled starspawn!!
Your claw misses the tentacled starspawn.
The tentacled starspawn is moderately damaged.
The large abomination hits you!
You mangle the tentacled starspawn!!
You claw the tentacled starspawn, but do no damage.
The tentacled starspawn is severely damaged.
Tentacles burst from the starspawn's body! 2 starspawn tentacles come into view.
You claw the tentacled starspawn!
The tentacled starspawn is severely damaged.
The tentacled starspawn bites you!!
* * * LOW HITPOINT WARNING * * *
The tentacled starspawn tentacle-slaps you.
* * * LOW HITPOINT WARNING * * *
The large abomination hits you!
You die...
Xom giggles madly!

≈≈≈ ..≈#..#..≈### ≈≈.
≈≈≈ ≈≈ ≈≈≈≈.≈≈..# #≈≈ .
..# .≈≈≈≈≈§≈≈♣ .≈#
.............###..
..............##..#
.......§§§... .#.#
.....##§3.G.3#G.####...
.... .##.....#.#XX....#
..... ......##w@#.##.#
.. ........#wX##
......... ..##.#
....... .....#..
..............#. .....
.....### . .... # ..
.....# ..


You could see a tentacled starspawn, a great orb of eyes, 2 large abominations,
a smoke demon and 2 starspawn tentacles.

Vanquished Creatures
  A wretched star (Abyss:1)
  Pikel (D:5)
  Joseph (D:7)
  A centaur zombie (D:10)
  Prince Ribbit (D:5)
  2 raiju (Abyss:1)
  2 small abominations (Abyss:1)
  A meliai zombie (D:11)
  12 yaks
  Edmund (D:6)
  An acid dragon (D:8)
  2 water moccasins
  An ice beast (D:7)
  2 orc warriors
  2 black bears
  A sky beast (D:5)
  A centaur (D:8)
  An ogre (D:4)
  A phantom (D:6)
  A lemure (D:5)
  Blork the orc (D:4)
  A bullfrog (D:8)
  A scorpion (D:5)
  A water moccasin skeleton (D:6)
  5 wights (D:8)
  3 howler monkeys
  A quasit (Abyss:1)
  Crazy Yiuf (D:6)
  A hound (D:5)
  A jelly (D:7)
  An iron imp (Abyss:1)
  An iguana (D:6)
  3 orc wizards
  A statue (D:8)
  A killer bee zombie (D:8)
  A hound skeleton (D:4)
  A mummy (D:8)
  A howler monkey zombie (D:8)
  Robin (D:3)
  27 gnolls
  6 adders
  A shadow imp (D:5)
  2 white imps
  2 ufetubi
  An adder skeleton (D:4)
  A worm (D:5)
  2 dart slugs
  29 orcs
  8 ball pythons
  4 endoplasms
  15 goblins
  8 hobgoblins
  15 jackals
  2 quokkas
  A ball python zombie (D:1)
  2 bats
  A giant cockroach zombie (D:1)
  3 kobolds
  3 rats
196 creatures vanquished.

Vanquished Creatures (others)
  A kobold brigand (D:8)
  5 kobolds (D:8)
6 creatures vanquished.

Grand Total: 202 creatures vanquished

Notes
Turn   | Place    | Note
-------+----------+-------------------------------------------
     0 | D:1      | Spaninq the Troll Chaos Knight began the quest for the Orb.
     0 | D:1      | Reached XP level 1. HP: 22/22 MP: 0/0
   124 | D:1      | Found a faded altar of an unknown god.
   134 | D:1      | Fell from the grace of Xom
   134 | D:1      | Became a worshipper of the Wu Jian Council
   134 | D:1      | Reached * piety under Wu Jian
   223 | D:1      | Reached XP level 2. HP: 29/29 MP: 1/1
   761 | D:1      | XOM: stat loss: -1 Str (18/19)
  1023 | D:2      | Found Ynikh's Antique Weapon Shoppe.
  1032 | D:2      | XOM: summons 1 hostile demon
  1142 | D:2      | Reached XP level 3. HP: 36/36 MP: 2/2
  1159 | D:2      | Reached skill level 4 in Unarmed Combat
  1435 | D:3      | Reached ** piety under Wu Jian
  1542 | D:3      | Noticed Phlounder's ghost (amateur DjFE)
  1543 | D:3      | Found a transporter.
  1545 | D:3      | Noticed an ogre
  1547 | D:3      | Found a transporter.
  1622 | D:3      | Noticed Robin
  1667 | D:3      | Killed Robin
  1668 | D:3      | Reached XP level 4. HP: 45/45 MP: 3/3
  1799 | D:3      | Noticed a black bear
  1811 | D:3      | Killed a black bear
  1812 | D:3      | Reached skill level 5 in Unarmed Combat
  1812 | D:3      | Reached XP level 5. HP: 41/53 MP: 4/4
  2380 | D:4      | Reached *** piety under Wu Jian
  2384 | D:4      | Reached XP level 6. HP: 61/62 MP: 5/5
  2426 | D:4      | Reached skill level 6 in Unarmed Combat
  2631 | D:4      | Reached XP level 7. HP: 69/70 MP: 6/6
  2748 | D:4      | Reached skill level 7 in Unarmed Combat
  2757 | D:4      | Reached **** piety under Wu Jian
  3306 | D:4      | Noticed Blork the orc
  3316 | D:4      | Killed Blork the orc
  3502 | D:4      | XOM: silly message
  3561 | D:5      | Entered Level 5 of the Dungeon
  3564 | D:5      | Identified a scroll of acquirement
  3564 | D:5      | Acquired 1083 gold pieces
  3644 | D:2      | Bought a pitted morningstar for 243 gold pieces
  3644 | D:2      | Identified the +4 morningstar of Butchery {speed, Stlth+}
                  | (You bought it in a shop on level 2 of the Dungeon)
  3736 | D:5      | Noticed Pikel
  3740 | D:5      | Killed Pikel
  3741 | D:5      | Reached skill level 5 in Fighting
  3741 | D:5      | Reached skill level 8 in Unarmed Combat
  3741 | D:5      | Reached XP level 8. HP: 80/81 MP: 7/7
  3802 | D:5      | Found a staircase to the Ecumenical Temple.
  3840 | D:5      | XOM: silly message
  3967 | D:5      | Noticed Prince Ribbit
  3977 | D:5      | Killed Prince Ribbit
  3978 | D:5      | Reached skill level 9 in Unarmed Combat
  4261 | D:5      | Found a hide-covered altar of Uskayaw.
  4261 | D:5      | Found a basalt altar of Yredelemnul.
  4261 | D:5      | Found a shimmering altar of Xom.
  4536 | D:5      | XOM: silly message
  4650 | D:6      | Noticed Edmund
  4660 | D:6      | Killed Edmund
  4688 | D:6      | Found a shimmering blue altar of Sif Muna.
  4698 | D:6      | Reached skill level 10 in Unarmed Combat
  4862 | D:6      | Found a runed translucent door.
  4863 | D:6      | Noticed Crazy Yiuf
  4875 | D:6      | Killed Crazy Yiuf
  4876 | D:6      | Reached XP level 9. HP: 35/89 MP: 8/8
  5184 | D:7      | Found Kihanoic's Distillery.
  5188 | D:7      | Bought a potion of heal wounds for 55 gold pieces
  5188 | D:7      | Bought a potion of curing for 33 gold pieces
  5188 | D:7      | Bought a potion of curing for 33 gold pieces
  5197 | D:7      | Found a white marble altar of Elyvilon.
  5247 | D:7      | Noticed Joseph
  5264 | D:7      | Killed Joseph
  5313 | D:7      | XOM: noise
  5333 | D:7      | Identified the +0 robe "Lukhluyrph" {rPois Dex+3}
  5506 | D:7      | Found Heninug's Magic Scroll Emporium.
  5515 | D:7      | Bought a scroll of teleportation for 45 gold pieces
  5515 | D:7      | Bought a scroll of blinking for 112 gold pieces
  5515 | D:7      | Bought a scroll of teleportation for 45 gold pieces
  5704 | D:8      | Found a bloodstained altar of Trog.
  5774 | D:8      | Reached skill level 11 in Unarmed Combat
  6095 | D:8      | You fall into a shaft and drop 3 floors!
  6105 | D:11     | XOM: enchant monster (bad)
  6108 | D:11     | Reached XP level 10. HP: 75/102 MP: 9/9
  6139 | D:10     | Entered Level 10 of the Dungeon
  6148 | D:10     | Reached skill level 12 in Unarmed Combat
  6151 | D:10     | Noticed a red ugly thing
  6161 | D:10     | XOM: noise
  6172 | D:10     | XOM: blink monster(s)
  6182 | D:10     | Found a blossoming altar of Fedhas.
  6818 | D:8      | Found a radiant altar of Vehumet.
  7049 | D:9      | Reached ***** piety under Wu Jian
  7137 | D:9      | Noticed Erolcha
  7161 | D:9      | Cast into level 1 of the Abyss (Erolcha)
  7246 | Abyss:1  | Reached skill level 13 in Unarmed Combat
  7441 | Abyss:1  | Noticed a wretched star
  7464 | Abyss:1  | Killed a wretched star
  7508 | Abyss:1  | Noticed a smoke demon
  7514 | Abyss:1  | Noticed a great orb of eyes
  7522 | Abyss:1  | Noticed a tentacled starspawn
  7526 | Abyss:1  | Slain by a large abomination

Illustrated notes

Levels and vault maps discovered:
D:1:      saegor_arrival_fortress, layout_basic,
          hellmonk_ecumenical_altar_blasted, hangedman_decor_points,
          chequers_serial_rivers_micro_d, hex_medium
D:2:      layout_rooms, serial_shops, shop
D:3:      layout_loops_ring, gammafunk_ghost_smash, uniq_robin
D:4:      lemuel_castle_with_subvaults [lemuel_castle_interior_carwin_3],
          layout_basic, uniq_blork_the_orc
D:5:      layout_loops_corners, gammafunk_temple_overflow_claw,
          minmay_temple_entry_wispy, uniq_pikel, uniq_prince_ribbit1
D:6:      layout_basic, nicolae_overflow_crystal_walls, minmay_fountain_box,
          uniq_crazy_yiuf_cottage, uniq_edmund
D:7:      layout_cave_pools, nicolae_elyvilon_peaceful_grove, serial_shops,
          shop, nicolae_shop_trees, nrook_campfire, uniq_joseph
D:8:      layout_loops_corners, vehumet_statue, lemuel_tele_altar,
          serial_undead, serial_undead_b, serial_undead_c, serial_undead_f,
          serial_undead_f, lemuel_flamethrower_2
D:9:      layout_loops_ring, nzn_life_drinkers, uniq_erolcha, uniq_harold
D:10:     layout_basic, old_standard_altar, mainiacjoe_overflow_catch_the_wave,
          pdpol_wu_jian_five_deadly_venoms, uniq_maurice
D:11:     hangedman_cross_veins, layout_loops_ring, david_orc_2
Abyss:1:  base: D:3, hangedman_abyss_or_decor_stabs

Skill      XL: |  1  2  3  4  5  6  7  8  9 10 |
---------------+-------------------------------+-----
Unarmed Combat | 4 5 6 8 10 11 13 | 13.4
Fighting       | 3 4 5 6 7 8 |  8.5
Dodging        | |  1.9

Action                   |  1- 3 |  4- 6 |  7- 9 | 10-12 || total
-------------------------+-------+-------+-------+-------++-------
Melee: Unarmed           |   122 |   160 |   203 |   133 ||   618
       Punch             |     1 |       |    10 |     8 ||    19
Invok: Lunge             |    13 |    24 |    39 |    18 ||    94
       Whirlwind         |     3 |    40 |    10 |    10 ||    63
 Abil: Wall Jump         |       |       |       |     2 ||     2
  Use: Scroll            |       |       |    13 |       ||    13
       Potion            |       |       |     1 |     1 ||     2
 Stab: Sleeping          |       |       |     1 |       ||     1
Armor: Robe              |    47 |    33 |    41 |    21 ||   142
Dodge: Dodged            |    44 |    54 |    80 |    40 ||   218

Table legend: (Time is in decaauts)
 A = Elapsed time spent in this place.
 B = Non-inter-level travel time spent in this place.
 C = Inter-level travel time spent in this place.
 D = Time resting spent in this place.
 E = Time spent auto-exploring this place.
 F = Levels seen in this place.
 G = Mean time per level.
                   A        B        C        D        E       F      G
               +--------+--------+--------+--------+--------+-----+--------+
         Total |   7488 |   7163 |    325 |     71 |   5317 |  12 |  624.0 |
       Dungeon |   7129 |   6804 |    325 |     36 |   5186 |  11 |  648.1 |
         Abyss |    358 |    358 |      0 |     35 |    131 |   1 |  358.0 |
               +--------+--------+--------+--------+--------+-----+--------+

Top non-repeatable levels by time:
     D:4: 1343 daAuts
     D:8: 1127 daAuts
     D:1: 979 daAuts
     D:3: 933 daAuts
     D:5: 919 daAuts
     D:7: 553 daAuts
     D:6: 501 daAuts
     D:2: 441 daAuts
 Abyss:1: 358 daAuts
     D:9: 232 daAuts
    D:10: 57 daAuts
    D:11: 42 daAuts
